 Dungeon Crawl Stone Soup version 0.18-a0-1748-g7377c14 (webtiles) character file.

651 M4edhros the Insei (level 7, -2/41 HPs)
             Began as an Octopode Necromancer on Apr 12, 2016.
             Slain by a quokka (3 damage)
             ... on level 6 of the Dungeon.
             The game lasted 00:22:19 (2625 turns).

M4edhros the Insei (Octopode Necromancer)           Turns: 2625, Time: 00:22:19

Health: -2/41      AC:  1    Str:  5 (7)  XL:     7   Next: 53%
Magic:  3/10       EV:  9    Int: 18      God:
Gold:   222        SH:  0    Dex: 11 (14) Spells: 3 memorised, 5 levels left

rFire  . . .     SeeInvis .     d - +2 whip (venom)
rCold  . . .     Gourm    .     (no shield)
rNeg   . . .     Faith    .     (helmet restricted)
rPois  .         Spirit   .     (no amulet)
rElec  .         Dismiss  .     (no ring)
rCorr  .         Reflect  .     (no ring)
SustAt .         Harm     .     (no ring)
MR     .....                    (no ring)
Stlth  +++.......               (no ring)
                                (no ring)
                                (no ring)
                                (no ring)

@: regenerating (expiring), constricted, not resistant to hostile enchantments,
fairly stealthy
A: almost no armour, amphibious, 8 rings, constrict 8, camouflage 1, gelatinous
body 1
a: no special abilities


You were on level 6 of the Dungeon.
You were hungry.

You visited 1 branch of the dungeon, and saw 6 of its levels.

You collected 222 gold pieces.

Inventory:

Hand Weapons
 d - a +2 whip of venom (weapon)
 m - a +0 hunting sling
Missiles
 e - 8 javelins (quivered)
 f - 159 stones
 o - 2 curare-tipped needles
Armour
 p - a +0 buckler
Jewellery
 j - an uncursed ring of teleportation
Wands
 c - a wand of digging (11/24)
 l - a wand of teleportation (5/9)
 r - a wand of confusion (7/48)
Scrolls
 h - a scroll of recharging
 i - a scroll of remove curse
 n - 3 scrolls of teleportation
 q - 2 scrolls of immolation
 t - a scroll of fear {unknown}
Potions
 k - a potion of haste
Books
 a - a book of Necromancy

   Spells                             Type                      Level
   a - Pain                           Necromancy                   1
   b - Animate Skeleton               Necromancy                   1
   c - Vampiric Draining              Necromancy                   3
   d - Regeneration                   Charms/Necromancy            3
   e - Animate Dead                   Necromancy                   4
   f - Control Undead                 Necromancy                   4
Comestibles
 b - 5 bread rations
 g - 8 fruits
 s - a beef jerky
 u - 4 chunks of flesh


   Skills:
 - Level 2.0 Dodging
 - Level 2.6 Stealth
 + Level 4.2 Shields
 + Level 5.9 Unarmed Combat
 - Level 2.0 Spellcasting
 + Level 2.2 Charms
 - Level 4.0 Necromancy


You had 5 spell levels left.
You knew the following spells:

 Your Spells              Type           Power        Failure   Level  Hunger
a - Pain                  Necr           ###.         3%          1    #......
b - Regeneration          Chrm/Necr      ##........   17%         3    ###....
c - Animate Skeleton      Necr           N/A          3%          1    #......


Dungeon Overview and Level Annotations

Branches:
Dungeon (6/15)
 Temple: D:4-7

Altars:
Dithmenos
Nemelex Xobeh
Pakellas
Qazlal

Annotations:
D:5 Grinder
D:6 Shenda's ghost, novice MfGl


Innate Abilities, Weirdness & Mutations

You cannot wear most types of armour.
You are amphibious.
You can wear up to eight rings at the same time.
You can use your tentacles to constrict eight enemies at once.
Your skin changes colour to match your surroundings (Stealth).
Your rubbery body absorbs attacks (AC +1).


Message History

Found a stone staircase leading down.
Casting: Regeneration
Confirm with . or Enter, or press ? or * to list all spells.
Your skin crawls.
The ball python closely misses you. The ball python grabs you.
* * * LOW HITPOINT WARNING * * *
The ball python constricts you.
Your attempt to break free from the ball python fails, but you feel that another attempt might succeed.
Your skin is crawling a little less now.
The ball python closely misses you.
* * * LOW HITPOINT WARNING * * *
The ball python constricts you. The quokka bites you.
* * * LOW HITPOINT WARNING * * *
Your attempt to break free from the ball python fails, but you feel that another attempt might succeed.
The ball python bites you.
* * * LOW HITPOINT WARNING * * *
x2 The ball python constricts you.
The quokka bites you.
* * * LOW HITPOINT WARNING * * *
The quokka bites you.
You die...

....# ..#..#.#
....# #....#=#
#.# ....'.
#...#.# ..#
....'.. .....#
..# ....#.#
#...# ..#
....#.#
#...##..#
##.....>.#####
##....Sr.......
#....##@.#....
#.#..##..# # #
#.W.#..#
#.#.#..#
..#.#..#
...#.#...
...#.....
....####>..
....!


You could see a quokka and a ball python.

Vanquished Creatures
  A phantom (D:5)
  Blork the orc (D:5)
  2 crimson imps
  An orc priest (D:6)
  5 orc wizards
  A centaur skeleton (D:6)
  2 worker ants (D:4)
  8 gnolls
  3 adders
  A shadow imp (D:5)
  A worm (D:6)
  A dart slug (D:1)
  2 giant geckos (D:5)
  4 orcs
  2 ball pythons
  5 bats
  5 giant cockroaches
  7 goblins
  4 hobgoblins
  12 jackals
  3 quokkas
  2 giant newts
  9 kobolds
  4 rats
86 creatures vanquished.

Notes
Turn   | Place    | Note
--------------------------------------------------------------
     0 | D:1      | M4edhros the Octopode Necromancer began the quest for the Orb.
     0 | D:1      | Reached XP level 1. HP: 11/11 MP: 3/3
    95 | D:1      | Reached skill level 1 in Unarmed Combat
   106 | D:1      | Reached XP level 2. HP: 11/17 MP: 0/5
   182 | D:2      | Reached skill level 2 in Unarmed Combat
   186 | D:2      | Reached XP level 3. HP: 12/21 MP: 1/6
   191 | D:2      | Reached skill level 3 in Unarmed Combat
   393 | D:1      | Learned a level 3 spell: Regeneration
   499 | D:1      | Reached XP level 4. HP: 22/27 MP: 7/7
   736 | D:1      | Learned a level 1 spell: Animate Skeleton
   850 | D:2      | Reached skill level 4 in Unarmed Combat
   978 | D:3      | Found an oddly glowing altar of Pakellas.
  1191 | D:3      | Reached XP level 5. HP: 31/31 MP: 0/8
  1194 | D:3      | Reached skill level 1 in Shields
  1214 | D:3      | Found a shadowy altar of Dithmenos.
  1373 | D:4      | Found a stormy altar of Qazlal.
  1596 | D:3      | Reached XP level 6. HP: 19/36 MP: 0/9
  1767 | D:4      | Reached skill level 5 in Unarmed Combat
  1836 | D:5      | Entered Level 5 of the Dungeon
  1895 | D:5      | Found a sparkling altar of Nemelex Xobeh.
  2040 | D:5      | Noticed Blork the orc
  2054 | D:5      | Killed Blork the orc
  2085 | D:5      | Noticed Grinder
  2190 | D:5      | Reached skill level 1 in Charms
  2291 | D:5      | Reached XP level 7. HP: 28/41 MP: 0/10
  2427 | D:6      | Noticed Shenda's ghost (novice MfGl)
  2625 | D:6      | HP: 1/41 [quokka (4)]
  2625 | D:6      | Slain by a quokka

Vault maps used:
D:1:      tarquinn_simple_flora_water_a
D:2:      first_bread
D:3:      nicolae_overflow_hidden_temple, old_standard_altar, bh_walls_and_bars
D:4:      grunt_qazlal_sundering, serial_glass, glass_columns_c,
          glass_columns_a, due_unseen_surprise, minmay_strange_pillars,
          feat_on_display
D:5:      nemelex_deck, uniq_sigmund, uniq_blork_the_orc, uniq_grinder
D:6:      kennysheep_big_flooded_room, ashenzari_altar_1,
          nicolae_ru_great_annihilating_truth, okawaru_altar_gauntlet_db

Skill      XL: |  1  2  3  4  5  6  7 |
---------------+----------------------+-----
Unarmed Combat | 1 2 3 4 5 |  5.9
Shields        | 2 3 4 |  4.2
Charms         | 1 2 |  2.2
Dodging        | |  2.0
Stealth        | |  2.6
Spellcasting   | |  2.0
Necromancy     | |  4.0

Action                   |  1- 3 |  4- 6 |  7- 9 || total
-------------------------+-------+-------+-------++-------
Melee: Unarmed           |     5 |       |       ||     5
       Constrict         |     8 |    31 |     6 ||    45
       Whip              |    17 |    97 |    43 ||   157
       Tentacles         |     4 |    11 |     5 ||    20
       Punch             |       |     4 |     2 ||     6
Throw: Javelin           |       |     8 |     2 ||    10
       Stone             |       |     1 |       ||     1
 Cast: Pain              |    17 |    46 |     5 ||    68
       Regeneration      |     1 |    18 |     5 ||    24
       Animate Skeleton  |       |     6 |     1 ||     7
Evoke: Club              |       |     3 |     4 ||     7
  Use: Potion            |     3 |     3 |       ||     6
       Scroll            |       |     7 |     2 ||     9
 Stab: Sleeping          |       |     8 |     2 ||    10
  Eat: Chunk             |       |     5 |     1 ||     6
       Meat ration       |       |     1 |       ||     1
Armor: Skin              |       |    11 |     1 ||    12
Dodge: Dodged            |    20 |    60 |    32 ||   112
